 Dungeon Crawl Stone Soup version 0.22-a0-825-ga28c36f (webtiles) character file.

0 BaronVonScrub the Ducker (level 1, -7/11 HPs)
             Began as a Spriggan Abyssal Knight on July 24, 2018.
             Was a Follower of Lugonu.
             Mangled by a sixfirhy (11 damage)
             ... on level 2 of the Abyss.
             The game lasted 00:01:41 (265 turns).

BaronVonScrub the Ducker (Spriggan Abyssal Knight)   Turns: 265, Time: 00:01:42

Health: -7/11      AC:  2    Str:  8    XL:     1   Next: 0%
Magic:  3/3        EV: 18    Int: 13    God:    Lugonu [*.....]
Gold:   76         SH:  0    Dex: 15    Spells: 0/0 levels left

rFire    . . .     SeeInvis +   a - +1 short sword
rCold    . . .     Gourm    .   (shield restricted)
rNeg     . . .     Faith    .   b - +0 robe
rPois    .         Spirit   .   (helmet restricted)
rElec    .         Reflect  .   (no cloak)
rCorr    .         Harm     .   (gloves unavailable)
MR       .....                  (boots unavailable)
Stlth    +.........             (no amulet)
HPRegen  0.03/turn              (no ring)
MPRegen  0.08/turn              (no ring)

@: very quick
A: very small, unfitting armour, see invisible, herbivore, speed 3, slow
metabolism 2
a: Depart the Abyss, Renounce Religion


You were on level 2 of the Abyss.
You worshipped Lugonu.
Lugonu was aware of your devotion.
You were not hungry.

You visited 0 branches of the dungeon, and saw 0 of its levels.
You visited the Abyss 1 time.

You collected 76 gold pieces.

Inventory:

Hand Weapons
 a - a +1 short sword (weapon)
Armour
 b - a +0 robe (worn)
Potions
 d - a potion of degeneration {unknown}
 e - a potion of agility {unknown}
Comestibles
 c - a ration


   Skills:
 + Level 2.4 Fighting
 + Level 2.1 Short Blades
 + Level 3.5 Dodging
 + Level 1.7 Invocations


You couldn't memorise any spells.
You didn't know any spells.
Your spell library was empty.

Dungeon Overview and Level Annotations

Branches:
Dungeon (0/15)

Altars:


Innate Abilities, Weirdness & Mutations

You are very small and have problems with some larger weapons.
You are too small for most types of armour.
You have supernaturally acute eyesight. (SInv)
You are a herbivore.
You cover ground extremely quickly.
You need to consume almost no food.


Message History

A small abomination is nearby!
A freezing wraith comes into view.
The freezing wraith moves out of view.
A small abomination comes into view.
The small abomination barely misses you.
A tentacled starspawn comes into view.
The tentacled starspawn moves out of view.
A starcursed mass comes into view.
A large abomination comes into view.
An apocalypse crab comes into view.
A starcursed mass splits.
A chorus of shrieks assaults your mind.
Ouch! That really hurt!
An anaconda skeleton comes into view.
You see here 52 gold pieces.
You now have 76 gold pieces (gained 52).
A sixfirhy comes into view.
The sixfirhy hits you. The sixfirhy shocks you!
Ouch! That really hurt!
You die...

##. ## ..# # .
..#.#. ..#.. ##
#.#.# #.# #...#
. . #...######
#.# #@...##.# #.
#.3#Z.....####
#.###..#..#.#..
# #..####.#..
#.....#.........
##.####....#....
#...#.#..
###.###. #
...#.#..


You could see a sixfirhy and an anaconda skeleton.

Vanquished Creatures (others)
  4 starspawn tentacles (Abyss:2)
4 creatures vanquished.

Notes
Turn   | Place    | Note
-------+----------+-------------------------------------------
     0 | Abyss:1  | BaronVonScrub the Spriggan Abyssal Knight began the quest for the Orb.
     0 | Abyss:1  | Reached XP level 1. HP: 11/11 MP: 3/3
    68 | Abyss:1  | Noticed a small abomination
    84 | Abyss:1  | Noticed a ynoxinul
   123 | Abyss:2  | Noticed a silent spectre
   172 | Abyss:2  | Noticed a thrashing horror
   183 | Abyss:2  | Noticed a small abomination
   189 | Abyss:2  | Noticed a freezing wraith
   194 | Abyss:2  | Noticed a small abomination
   206 | Abyss:2  | Noticed a tentacled starspawn
   212 | Abyss:2  | Noticed a starcursed mass
   220 | Abyss:2  | Noticed a large abomination
   225 | Abyss:2  | Noticed a rakshasa
   228 | Abyss:2  | Noticed an apocalypse crab
   239 | Abyss:2  | Noticed an anaconda skeleton
   265 | Abyss:2  | Noticed a sixfirhy
   265 | Abyss:2  | Mangled by a sixfirhy

Vault maps used:
Abyss:2:  hangedman_decor_points, guppyfry_abyss_exit_glass_guarded

Action                   || total
-------------------------++-------
Dodge: Dodged            ||     3

Table legend:
 A = Spawn XP
 B = Non-spawn XP
 C = Spawn XP percentage of total XP
 D = Spawn monster count
 E = Non-spawn monster count
 F = Spawn count percentage of total count
 G = Total turns spent on level
                    A         B        C        D         E        F      G
               +---------+---------+-------+---------+---------+-------+---------
         Total |       0 |       0 |   N/A |       0 |       0 |   N/A |   265
               +---------+---------+-------+---------+---------+-------+---------
               +---------+---------+-------+---------+---------+-------+---------
